 Dungeon Crawl Stone Soup version 0.26-a0-712-ga5a9c9c9d0 (webtiles) character file.

Game seed: 16495049504932219764

129 Apogee the Insei (level 4, -3/38 HPs)
             Began as a Draconian Transmuter on Nov 2, 2020.
             Slain by an orc wizard
             ... wielding a cursed +0 dagger
              (4 damage)
             ... on level 3 of the Dungeon.
             The game lasted 00:03:24 (2291 turns).

Apogee the Insei (Draconian Transmuter)             Turns: 2291, Time: 00:03:24

Health: -3/38      AC:  5    Str: 12    XL:     4   Next: 88%
Magic:  6/7        EV: 12    Int: 14    God:
Gold:   131        SH:  0    Dex: 12    Spells: 3/7 levels left

rFire    . . .     SeeInvis .     - Unarmed
rCold    . . .     Faith    .   (no shield)
rNeg     . . .     Spirit   .   (armour unavailable)
rPois    .         Reflect  .   (helmet currently unavailable)
rElec    .         Harm     .   (no cloak)
rCorr    .         Rampage  .   (no gloves)
MR       .....                  (boots currently unavailable)
Stlth    +.........             (no amulet)
HPRegen  0.12/turn              (no ring)
MPRegen  0.10/turn              (no ring)

@: appendages
A: unfitting armour, horns 2, talons 2, cold-blooded, AC +5
a: End Transformation


You were on level 3 of the Dungeon.
You had grown temporary horns.
You had grown temporary talons.
You visited 1 branch of the dungeon, and saw 4 of its levels.

You collected 131 gold pieces.

Inventory:

Armour
 g - a +0 pair of boots (melded)
   (You found it on level 4 of the Dungeon)
Scrolls
 a - a scroll of remove curse {unknown}
 b - a scroll of fear {unknown}
 f - 5 scrolls of identify {unknown}
 h - 4 scrolls of teleportation {unknown}
 i - a scroll of immolation {unknown}
 j - a scroll of blinking {unknown}
 k - a scroll of fog {unknown}
Potions
 c - a potion of berserk rage {unknown}
 d - 2 potions of heal wounds {unknown}
 e - a potion of haste {unknown}


   Skills:
 - Level 3.0 Fighting
 - Level 1.7 Dodging
 - Level 5.0 Unarmed Combat
 - Level 2.0 Spellcasting
 + Level 2.0 Transmutations
 + Level 0.0 Poison Magic


You had 3 spell levels left.
You knew the following spells:

 Your Spells              Type           Power        Failure   Level
a - Beastly Appendage     Tmut           #.....       11%         1
x - Spider Form           Tmut/Pois      #.........   43%         3

Your spell library contained the following spells:

 Spells                   Type           Power        Failure   Level
 Wereblood                Tmut           #.......     16%         2
 Ice Form                 Ice/Tmut       #.......     83%         4
 Blade Hands              Tmut           #.........   96%         5


Dungeon Overview and Level Annotations

Branches:
Dungeon (4/15)
 Temple: D:4-7

Altars:
Trog


Innate Abilities, Weirdness & Mutations

Your plain brown scales are hard. (AC +5)
You cannot fit into any form of body armour.
You are cold-blooded and may be slowed by cold attacks.
You have a pair of horns on your head.
You have razor-sharp toenails.


Message History

There is a stone staircase leading up here.
You miscast Beastly Appendage.
You are very lightly contaminated with residual magic.
Nothing appears to happen.
The orc priest hits you but does no damage.
The orc priest hits you with a +0 trident.
You barely miss the orc priest. You completely miss the orc priest.
The orc priest hits you with a +0 trident.
The orc wizard mumbles some strange words.
The orc wizard blinks!
You grow a pair of large bovine horns.
Your feet morph into talons.
Your +0 pair of boots melds into your body.
The orc priest calls down the wrath of Beogh upon you.
Pain shoots through your body!
The orc wizard gestures wildly while chanting.
The orc wizard seems to speed up.
You closely miss the orc priest. Your kick misses the orc priest.
The orc priest invokes the aid of Beogh against you.
Pain shoots through your body!
The orc wizard gestures wildly while chanting.
The orc wizard seems to speed up.
You punch the orc priest!
The orc priest hits you with a +0 trident!
* * * LOW HITPOINT WARNING * * *
You hit the orc priest. Your kick misses the orc priest.
Your tail-slap misses the orc priest.
The orc wizard hits you but does no damage.
The orc priest misses you.
Your magical contamination has completely faded away.
You hit the orc priest but do no damage.
You claw the orc priest, but do no damage.
The orc wizard hits you with a +0 dagger.
* * * LOW HITPOINT WARNING * * *
The orc wizard hits you with a cursed +0 dagger.
* * * LOW HITPOINT WARNING * * *
The orc priest completely misses you. The orc wizard casts a spell at you.
The puff of flame misses you.
The orc wizard hits you but does no damage.
There is a stone staircase leading up here.
Unknown command.
The orc priest calls down the wrath of Beogh upon you.
Beogh smites you!
* * * LOW HITPOINT WARNING * * *
The orc wizard casts a spell.
The orc wizard flickers and vanishes!
Deactivating autopickup; reactivate with Ctrl-A.
The orc wizard hits you with a cursed +0 dagger.
You die...

....#b.........#
.......!.......# #..
.....##........###..##
..## #.b............
.#..#........##..#
..................
........{o.....###
..#######o#...## .
#@#..<# ##
#.#รท..##....
###.#........#
#......###...#
#.##...>...(.#
........###...#
###.####..# .# # #....
#..#..


You could see an orc priest, an orc wizard (fast) and a bat.

Vanquished Creatures
  A gnoll (D:2)
  4 adders
  An ufetubus (D:2)
  An adder skeleton (D:4)
  3 dart slugs
  3 leopard geckos
  2 orcs
  2 giant cockroaches
  4 goblins
  8 hobgoblins
  4 jackals (D:4)
  6 kobolds
  2 quokkas
  13 bats
  3 frilled lizards (D:1)
  6 rats
63 creatures vanquished.

Notes
Turn   | Place    | Note
-------+----------+-------------------------------------------
     0 | D:1      | Apogee the Draconian Transmuter began the quest for the
                  | Orb.
     0 | D:1      | Reached XP level 1. HP: 16/16 MP: 3/3
   351 | D:1      | Reached XP level 2. HP: 23/23 MP: 3/5
   687 | D:1      | Reached XP level 3. HP: 26/29 MP: 6/6
   853 | D:2      | Reached skill level 4 in Unarmed Combat
   998 | D:2      | You fall into a shaft and drop 2 floors!
  1309 | D:2      | Reached XP level 4. HP: 25/37 MP: 7/7
  1521 | D:2      | Found a bloodstained altar of Trog.
  2072 | D:2      | Reached skill level 5 in Unarmed Combat
  2077 | D:2      | Learned a level 3 spell: Spider Form
  2291 | D:3      | HP: 1/38 [orc priest/divine providence (11)]
  2291 | D:3      | Slain by an orc wizard

Illustrated notes

Levels and vault maps discovered:
D:1:      erik_arrival_triangle_medium, layout_basic
D:2:      layout_rooms, lemuel_doored_altar, minmay_misc_feat_secret_circle
D:3:      layout_rooms, old_standard_altar, skrybe_limestone_x
D:4:      layout_basic, kennysheep_slug_shrine, guppyfry_shop_venom

Skill      XL: |  1  2  3  4 |
---------------+-------------+-----
Fighting       | 2 3 |  3.0
Unarmed Combat | 4 5 |  5.0
Dodging        | |  1.7
Spellcasting   | |  2.0
Transmutations | |  2.0

Action                   |  1- 3 |  4- 6 || total
-------------------------+-------+-------++-------
Melee: Unarmed           |   163 |    54 ||   217
       Tailslap          |    10 |     3 ||    13
       Kick              |     5 |     3 ||     8
       Punch             |     3 |     2 ||     5
       Headbutt          |     3 |     2 ||     5
 Cast: Beastly Appendage |     4 |     7 ||    11
 Stab: Sleeping          |     1 |       ||     1
Armor: Skin              |    53 |    35 ||    88
Dodge: Dodged            |   112 |    69 ||   181

Table legend: (Time is in decaauts)
 A = Elapsed time spent in this place.
 B = Non-inter-level travel time spent in this place.
 C = Inter-level travel time spent in this place.
 D = Time resting spent in this place.
 E = Time spent auto-exploring this place.
 F = Levels seen in this place.
 G = Mean time per level.
                   A        B        C        D        E       F      G
               +--------+--------+--------+--------+--------+-----+--------+
         Total |   2287 |   2260 |     27 |    569 |   1219 |   4 |  571.8 |
       Dungeon |   2287 |   2260 |     27 |    569 |   1219 |   4 |  571.8 |
               +--------+--------+--------+--------+--------+-----+--------+

Top non-repeatable levels by time:
     D:2: 1261 daAuts
     D:1: 840 daAuts
     D:4: 102 daAuts
     D:3: 83 daAuts
